 Dungeon Crawl Stone Soup version 0.29-a0-378-gc08b2e8bf8 (webtiles) character file.

Game seed: 14366771161271527059

617 dolemite99 the Cleaver (level 7, -1/57 HPs)
             Began as a Hill Orc Fighter on May 5, 2022.
             Was an Initiate of Beogh.
             Slain by an orc warrior
             ... wielding a +0 scimitar
              (14 damage)
             ... on level 4 of the Dungeon.
             The game lasted 00:03:29 (4893 turns).

dolemite99 the Cleaver (Hill Orc Fighter)           Turns: 4893, Time: 00:03:30

Health: -1/57      AC:  6    Str: 21    XL:     7   Next: 45%
Magic:  7/7        EV: 10    Int:  8    God:    Beogh [......]
Gold:   161        SH:  4    Dex: 10    Spells: 6/6 levels left

rFire   + . .      SeeInvis .   a - +1 war axe (freeze)
rCold   . . .      Faith    .   c - +0 buckler
rNeg    . . .      Spirit   .   k - +1 ring mail {rF+}
rPois   .          Reflect  .   (no helmet)
rElec   .          Harm     .   (no cloak)
rCorr   .          Rampage  .   (no gloves)
Will    .....                   (no boots)
Stlth   ..........              (no amulet)
HPRegen 0.19/turn               (no ring)
MPRegen 0.10/turn               (no ring)

@: mighty
A: no striking features
a: Renounce Religion


You were on level 4 of the Dungeon.
You worshipped Beogh.
Beogh was noncommittal.
You visited 1 branch of the dungeon, and saw 4 of its levels.

You collected 161 gold pieces.

Inventory:

Hand Weapons
 a - a +1 war axe of freezing (weapon)
 d - a +0 hunting sling
Armour
 b - a +0 scale mail
 c - a +0 buckler (worn)
 i - a +0 tower shield
 k - a +1 ring mail of fire resistance (worn)
Magical Staves
 h - a staff of cold
Scrolls
 e - a scroll of silence
 t - 2 scrolls of enchant armour
Potions
 f - 5 potions of attraction {unknown}
 g - 3 potions of brilliance {unknown}
 o - a potion of degeneration {unknown}


   Skills:
 - Level 3.6 Fighting
 + Level 10.5 Axes
 - Level 3.2 Armour
 - Level 3.2 Shields


You had 6 spell levels left.
You didn't know any spells.
Your spell library contained the following spells:

 Spells                   Type           Power      Damage    Failure   Level
 Shock                    Conj/Air       0%         1d3       67%         1
 Sting                    Tmut/Pois      0%         1d3       67%         1
 Poisonous Vapours        Pois/Air       0%         N/A       80%         2
 Gell's Gravitas          Tloc           0%         N/A       95%         3
 Swiftness                Air            0%         N/A       95%         3
 Teleport Other           Tloc           0%         N/A       95%         3
 Airstrike                Air            0%         N/A       100%        4
 Olgreb's Toxic Radiance  Pois           0%         N/A       100%        4
 Dispersal                Tloc           0%         N/A       100%        6


Dungeon Overview and Level Annotations

Branches:
Dungeon (4/15)
 Temple: D:4-7

Altars:

Annotations:
D:2 1 runed translucent door, Crazy Yiuf


Message History

You hit the orc priest. You freeze the orc priest.
You kill the orc priest!
Beogh accepts your kill.
Beogh appreciates your killing of a heretic priest.
You slash the orc wizard! You freeze the orc wizard.
The orc wizard barely misses you. The orc wizard barely misses you.
Things that are here:
a +2 dagger of freezing; a poisoned dart You barely miss the orc wizard.
The orc wizard is heavily wounded.
The orc wizard hits you but does no damage. x2
You hit the orc wizard. You freeze the orc wizard.
The orc wizard is severely wounded.
You hit the orc warrior but do no damage.
The orc wizard closely misses you.
The orc warrior hits you with a +0 scimitar.
You feel very mighty all of a sudden. The orc wizard closely misses you.
The orc warrior hits you with a +0 scimitar!
The orc wizard casts a spell.
The orc wizard flickers and vanishes!
Deactivating autopickup; reactivate with Ctrl-A.
You slash the orc warrior! You freeze the orc warrior.
The orc warrior is moderately wounded.
You slash something! You freeze something. Beogh accepts your kill.
Reactivating autopickup.
You feel a bit more experienced. You block the orc warrior's attack.
You slash the orc warrior! You freeze the orc warrior.
The orc warrior is severely wounded.
The orc warrior hits you with a +0 scimitar!
* * * LOW HITPOINT WARNING * * *
You feel better.
The orc warrior hits you with a +0 scimitar!
* * * LOW HITPOINT WARNING * * *
You hit the orc warrior. You freeze the orc warrior.
The orc warrior is almost dead.
The orc warrior hits you with a +0 scimitar!
You die...

#.†.# ##.## .#
#...#######...## #
#...........#..###
###...####.....<...# ..
............#.†#.#.###....
............#.............
..........#.#.#..#.###...
###...#####.#.#..#.#
#............)@..#
#(..#########o####
#...##........#
####.###.#####..######
.....###.###....(.....
.##...††.)...#..##.##.
#.####.##..#..# # #.#
#.#........ #.#
#.........#.


You could see an orc warrior.

Vanquished Creatures
  Grinder (D:3)
  A black bear (D:4)
  A howler monkey (D:4)
  A hound (D:4)
  An orc priest (D:4)
  An iguana (D:4)
  2 orc wizards
  8 adders
  4 worms (D:3)
  A dart slug (D:1)
  10 orcs
  3 endoplasms
  2 giant cockroaches
  3 hobgoblins
  4 jackals (D:1)
  6 kobolds
  A quokka (D:1)
  8 ball pythons
  2 bats (D:3)
  2 frilled lizards
  7 goblins
  4 rats
73 creatures vanquished.

Vanquished Creatures (others)
  An orc priest (D:4)
1 creature vanquished.

Grand Total: 74 creatures vanquished

Notes
Turn   | Place    | Note
-------+----------+-------------------------------------------
     0 | D:1      | dolemite99 the Hill Orc Fighter began the quest for the
                  | Orb.
     0 | D:1      | Reached XP level 1. HP: 19/19 MP: 1/1
    65 | D:1      | Reached skill level 3 in Axes
   329 | D:1      | Reached XP level 2. HP: 9/26 MP: 2/2
   688 | D:1      | Reached skill level 4 in Axes
  1300 | D:1      | Reached XP level 3. HP: 7/31 MP: 3/3
  1306 | D:1      | Reached skill level 5 in Axes
  1980 | D:2      | You fall into a shaft and drop 1 floor!
  2033 | D:2      | Reached XP level 4. HP: 39/39 MP: 4/4
  2270 | D:2      | Found a runed translucent door.
  2271 | D:2      | Noticed Crazy Yiuf
  2573 | D:3      | Reached skill level 6 in Axes
  3694 | D:3      | Noticed Grinder
  3704 | D:3      | Reached skill level 7 in Axes
  3704 | D:3      | Reached XP level 5. HP: 33/45 MP: 5/5
  3710 | D:3      | Killed Grinder
  3711 | D:3      | Reached skill level 8 in Axes
  3711 | D:3      | Reached XP level 6. HP: 30/51 MP: 6/6
  4101 | D:4      | Reached skill level 9 in Axes
  4257 | D:4      | Reached XP level 7. HP: 56/57 MP: 7/7
  4296 | D:4      | Became a worshipper of Beogh the Brigand
  4302 | D:4      | Reached skill level 10 in Axes
  4893 | D:4      | Slain by an orc warrior

Illustrated notes

Levels and vault maps discovered:
D:1:      co_arrival_random_square_maze, layout_basic
D:2:      layout_loops_cross, uniq_crazy_yiuf_cottage
D:3:      layout_basic, minmay_misc_feat_encased, nicolae_wormholes,
          uniq_grinder
D:4:      layout_loops_cross

Skill      XL: |  1  2  3  4  5  6  7 |
---------------+----------------------+-----
Axes           | 3 4 5 7 8 9 10 | 10.5
Fighting       | |  3.6
Armour         | |  3.2
Shields        | |  3.2

Action                   |  1- 3 |  4- 6 |  7- 9 || total
-------------------------+-------+-------+-------++-------
Melee: War axe           |    93 |    83 |    29 ||   205
Throw: Dart              |     5 |    40 |     5 ||    50
Invok: Convert to Beogh  |       |       |     1 ||     1
  Use: Potion            |     1 |     1 |     2 ||     4
       Scroll            |       |    12 |       ||    12
Armor: Scale mail        |    40 |    30 |       ||    70
       Ring mail         |       |     6 |    16 ||    22
Dodge: Dodged            |    60 |    43 |    26 ||   129
Block: Buckler           |    27 |    12 |     4 ||    43

Table legend: (Time is in decaauts)
 A = Elapsed time spent in this place.
 B = Non-inter-level travel time spent in this place.
 C = Inter-level travel time spent in this place.
 D = Time resting spent in this place.
 E = Time spent auto-exploring this place.
 F = Levels seen in this place.
 G = Mean time per level.
                   A        B        C        D        E       F      G
               +--------+--------+--------+--------+--------+-----+--------+
         Total |   4944 |   4860 |     84 |   1898 |   2241 |   4 | 1236.0 |
       Dungeon |   4944 |   4860 |     84 |   1898 |   2241 |   4 | 1236.0 |
               +--------+--------+--------+--------+--------+-----+--------+

Top non-repeatable levels by time:
     D:3: 2121 daAuts
     D:1: 1787 daAuts
     D:2: 729 daAuts
     D:4: 307 daAuts
